 Dungeon Crawl Stone Soup version 0.27-b1-41-gafb5482f4b (webtiles) character file.

Game seed: 9061398366492826545

6946 karkarkar the Cleaver (level 10, -15/90 HPs)
             Began as a Minotaur Berserker on July 28, 2021.
             Was an Elder of Trog.
             Killed by refrigeration
             ... invoked by Fannar
              (31 damage)
             ... on level 10 of the Dungeon.
             The game lasted 00:22:52 (11000 turns).

karkarkar the Cleaver (Minotaur Berserker)         Turns: 11000, Time: 00:22:53

Health: -15/90     AC: 17    Str: 31    XL:     10   Next: 80%
Magic:  9/9        EV: 12    Int:  4    God:    Trog [****..]
Gold:   458        SH: 11    Dex: 10    Spells: 9/9 levels left

rFire    . . .     SeeInvis .   p - +2 war axe (vorpal)
rCold    . . .     Faith    +   l - +0 kite shield
rNeg     . . .     Spirit   .   s - +0 plate armour
rPois    +         Reflect  .   (helmet restricted)
rElec    .         Harm     .   D - +1 cloak {rPois}
rCorr    .         Rampage  .   (no gloves)
Will     ++...                  (no boots)
Stlth    ..........             j - amulet of faith
HPRegen  1.25/turn              E - +4 ring of evasion
MPRegen  0.11/turn              J - +6 ring of strength

@: mighty, strong-willed, regenerating
A: horns 2, retaliatory headbutt
a: Renounce Religion, Berserk, Trog's Hand, Brothers in Arms


You were on level 10 of the Dungeon.
You worshipped Trog.
Trog was greatly pleased with you.
You visited 1 branch of the dungeon, and saw 10 of its levels.

You collected 458 gold pieces.

Inventory:

Hand Weapons
 p - a +2 vorpal war axe (weapon)
 q - a +2 hand axe of flaming
Missiles
 w - a throwing net (quivered)
Armour
 b - +0 steam dragon scales
 l - a +0 kite shield (worn)
 s - a +0 plate armour (worn)
 D - a +1 cloak of poison resistance (worn)
Jewellery
 j - an amulet of faith (around neck)
 E - a +4 ring of evasion (left hand)
 J - a +6 ring of strength (right hand)
Wands
 t - a wand of iceblast (9)
 y - a wand of paralysis (9)
 F - a wand of charming (7)
Scrolls
 a - 2 scrolls of teleportation
 e - a scroll of silence
 f - 4 scrolls of immolation
 g - 2 scrolls of fog
 i - a scroll of brand weapon {unknown}
 k - 3 scrolls of blinking
 o - 2 scrolls of enchant armour
 u - a scroll of magic mapping {unknown}
 v - a scroll of acquirement {unknown}
 H - a scroll of enchant weapon {unknown}
Potions
 c - a potion of attraction
 d - 3 potions of curing
 m - 2 potions of cancellation
 x - a potion of lignification {unknown}
 z - 2 potions of invisibility
 A - a potion of berserk rage {unknown}
 B - a potion of mutation {unknown}
 C - a potion of magic
 G - a potion of heal wounds {unknown}


   Skills:
 + Level 8.5 Fighting
 + Level 12.9 Axes
 + Level 0.4 Throwing
 + Level 10.2 Armour
 + Level 4.4 Dodging
 + Level 1.5 Stealth
 * Level 6.9 Shields


You had 9 spell levels left.
You didn't know any spells.
Your spell library was empty.

Dungeon Overview and Level Annotations

Branches:
Dungeon (10/15)            Temple (0/1) D:6            Lair (0/6) D:9
    Orc: D:9-12

Altars:
Cheibriados
Elyvilon
Sif Muna
Wu Jian
Zin

Annotations:
D:10 Fannar


Innate Abilities, Weirdness & Mutations

You have a pair of horns on your head.
You reflexively headbutt those who attack you in melee.


Message History

Aim: Fannar, wielding a +0 quarterstaff of freezing, wearing a +1 robe of cold resistance and wearing a ring of ice (42% to hit)
You throw a javelin.
The javelin barely misses the ice beast.
The javelin pierces through Fannar!
Fannar is lightly wounded.
Fannar says, "I shall freeze you to your soul!"
Throw: javelin
Press: ? - help, Q - select action, (/) - cycle Shift-Dir - straight line, f/p - Fannar
Aim: Fannar, wielding a +0 quarterstaff of freezing, wearing a +1 robe of cold resistance and wearing a ring of ice (lightly wounded, 40% to hit)
You throw a javelin.
The javelin pierces through the ice beast!
You kill the ice beast!
The javelin pierces through Fannar.
Fannar is lightly wounded.
Fannar mumbles some strange words.
Fannar misses you.
Okay, then.
Press: ? - help, v - describe, . - travel
Here: Fannar, wielding a +0 quarterstaff of freezing, wearing a +1 robe of cold resistance and wearing a ring of ice (lightly wounded)
The floor.
Okay, then.
You feel very mighty all of a sudden. You block Fannar's attack.
You hit Fannar.
Fannar is moderately wounded.
Fannar casts a spell.
Fannar drains the heat from the surrounding environment!
Fannar gestures wildly while chanting.
Fannar gestures wildly while chanting.
Fannar drains the heat from the surrounding environment!
* * * LOW HITPOINT WARNING * * *
You feel better.
Fannar mumbles some strange words.
Fannar gestures at you while chanting.
The bolt of cold hits the ice beast.
The ice beast completely resists.
The bolt of cold hits you!!
* * * LOW HITPOINT WARNING * * *
Fannar mumbles some strange words.
Fannar drains the heat from the surrounding environment!
You die...

#.
#.)######...........+
#.
#...................#
..
##...................#
..
#.....e...........####
...
#.....Y...........#
...
#.................#
#.......Y.........#
#.........Y..######
#........)@..#
#####......รท.#
.#.....)<.#
..'.....)..#
..#........#
###>#####..+ ... #..#
[. #..# #..#


You could see Fannar and 3 ice beasts.

Vanquished Creatures
  Josephine (D:9)
  A two-headed ogre (D:8)
  A manticore (D:9)
  A komodo dragon (D:9)
  A hornet (D:8)
  Grinder (D:3)
  2 wyverns (D:9)
  5 wraiths (D:9)
  A steam dragon (D:6)
  3 water moccasins
  A hornet zombie (D:8)
  3 orc warriors
  An ice beast (D:8)
  A black bear (D:9)
  A necrophage (D:7)
  An ogre (D:5)
  2 phantoms (D:6)
  4 bullfrogs
  6 scorpions
  A water moccasin skeleton (D:6)
  A wyvern skeleton (D:7)
  9 wights
  4 howler monkeys
  2 bullfrog zombies
  2 centaur zombies
  A hound (D:5)
  6 orc priests
  A jelly (D:6)
  4 iguanas
  6 orc wizards
  A scorpion zombie (D:5)
  A killer bee zombie (D:7)
  2 hound zombies (D:5)
  A hound skeleton (D:4)
  Robin (D:3)
  4 gnolls (D:5)
  8 adders
  A shadow imp (D:5)
  2 ufetubi
  3 worms
  A dart slug (D:3)
  27 orcs
  3 ball pythons
  6 endoplasms
  2 giant cockroaches
  15 goblins
  12 hobgoblins
  A jackal (D:2)
  A quokka (D:1)
  5 bats
  4 frilled lizards
  6 kobolds
  2 rats
183 creatures vanquished.

Vanquished Creatures (others)
  11 fungi (D:9)
  10 plants (D:9)
21 creatures vanquished.

Grand Total: 204 creatures vanquished

Notes
Turn   | Place    | Note
-------+----------+-------------------------------------------
     0 | D:1      | karkarkar the Minotaur Berserker began the quest for the
                  | Orb.
     0 | D:1      | Reached XP level 1. HP: 19/19 MP: 0/0
   344 | D:1      | Found a faded altar of an unknown god.
   411 | D:1      | Reached XP level 2. HP: 26/27 MP: 1/1
   495 | D:1      | Reached skill level 4 in Axes
  1004 | D:1      | Found an ornate altar of the Wu Jian Council.
  1132 | D:2      | Reached XP level 3. HP: 17/33 MP: 2/2
  2130 | D:2      | Reached XP level 4. HP: 29/41 MP: 3/3
  2354 | D:3      | Noticed Grinder
  2373 | D:3      | Killed Grinder
  2374 | D:3      | Reached skill level 5 in Axes
  2374 | D:3      | Reached XP level 5. HP: 47/47 MP: 4/4
  2374 | D:3      | Reached XP level 6. HP: 55/55 MP: 5/5
  2461 | D:3      | Reached ** piety under Trog
  2742 | D:3      | Found a white marble altar of Elyvilon.
  2742 | D:3      | Found a glowing silver altar of Zin.
  2854 | D:3      | Noticed Robin
  2887 | D:3      | Killed Robin
  3310 | D:4      | Identified the +5 ring mail "Ipnok" {Harm Str-5 Dex+3}
  3663 | D:4      | Reached skill level 5 in Fighting
  3663 | D:4      | Reached skill level 6 in Axes
  4463 | D:5      | Entered Level 5 of the Dungeon
  4463 | D:5      | Found a snail-covered altar of Cheibriados.
  4571 | D:5      | Reached skill level 5 in Armour
  4588 | D:5      | Reached XP level 7. HP: 59/61 MP: 6/6
  4680 | D:5      | Reached *** piety under Trog
  4840 | D:5      | Reached skill level 7 in Axes
  4840 | D:5      | Reached skill level 1 in Stealth
  5880 | D:6      | Reached skill level 8 in Axes
  6041 | D:6      | Reached XP level 8. HP: 70/70 MP: 7/7
  6465 | D:6      | Reached skill level 9 in Axes
  6787 | D:6      | Found a staircase to the Ecumenical Temple.
  6836 | D:6      | Reached skill level 1 in Shields
  7247 | D:7      | Found a shimmering blue altar of Sif Muna.
  7273 | D:7      | Reached skill level 10 in Axes
  7438 | D:7      | Reached **** piety under Trog
  7494 | D:7      | Reached XP level 9. HP: 73/78 MP: 8/8
  8386 | D:8      | Noticed a two-headed ogre
  8398 | D:8      | Killed a two-headed ogre
  8399 | D:8      | Reached skill level 11 in Axes
  9471 | D:9      | Reached XP level 10. HP: 88/88 MP: 9/9
  9665 | D:9      | Reached skill level 5 in Shields
  9963 | D:9      | Found a staircase to the Lair.
 10394 | D:10     | Entered Level 10 of the Dungeon
 10431 | D:10     | Noticed a manticore
 10468 | D:9      | Killed a manticore
 10608 | D:10     | Noticed Josephine
 10615 | D:9      | Reached skill level 12 in Axes
 10837 | D:9      | Killed Josephine
 10838 | D:9      | Reached skill level 10 in Armour
 10975 | D:10     | Noticed Fannar
 11000 | D:10     | Killed from afar by Fannar

Illustrated notes

Levels and vault maps discovered:
D:1:      dpeg_arrival_water_altar, layout_loops_ring,
          ebering_ecumenical_altar_petrified
D:2:      layout_basic, kennysheep_generic_room_10
D:3:      layout_basic, gammafunk_temple_overflow_wave, serial_rivers,
          chequers_serial_rivers_micro_b, chequers_serial_rivers_small_3,
          chequers_serial_rivers_small_b, chequers_serial_rivers_room_a,
          grunt_ministairs_14, minmay_fractal_squares_gapless_5, uniq_grinder,
          uniq_robin
D:4:      layout_loops_corners, patterned_corridor
D:5:      layout_basic, mainiacjoe_overflow_alcove_4
D:6:      layout_layer_cave, minmay_temple_entry_butterflies
D:7:      layout_basic, lemuel_round_altar
D:8:      layout_loops_corners
D:9:      layout_loops_cross, grunt_lair_entry_orc_guard_hut,
          hangedman_decor_push
D:10:     layout_irregular_city, uniq_harold, uniq_josephine, uniq_fannar

Skill      XL: |  1  2  3  4  5  6  7  8  9 10 |
---------------+-------------------------------+-----
Axes           | 4 5 6 8 10 11 12 | 12.9
Fighting       | 4 5 6 7 8 |  8.5
Armour         | 3 4 5 6 7 9 10 | 10.2
Dodging        | 3 4 |  4.4
Stealth        | 1 |  1.5
Shields        | 1 3 6 |  6.9
Throwing       | |  0.4

Action                   |  1- 3 |  4- 6 |  7- 9 | 10-12 || total
-------------------------+-------+-------+-------+-------++-------
Melee: Hand axe          |    78 |    87 |       |       ||   165
       Headbutt          |    13 |    14 |    46 |    16 ||    89
       War axe           |       |     7 |   212 |    88 ||   307
Throw: Javelin           |       |       |     2 |    11 ||    13
Invok: Berserk           |       |     2 |     1 |       ||     3
       Trog's Hand       |       |     1 |     5 |     4 ||    10
  Use: Scroll            |       |    10 |     4 |     1 ||    15
       Potion            |       |       |     1 |     2 ||     3
Armor: Animal skin       |     3 |       |       |       ||     3
       Ring mail         |    24 |    37 |    19 |       ||    80
       Plate armour      |       |       |    81 |    40 ||   121
Dodge: Dodged            |    50 |    53 |    80 |    49 ||   232
Block: Kite shield       |       |       |    47 |    58 ||   105
